 Dungeon Crawl Stone Soup version 0.21.1-1-g345015f (webtiles) character file.

93 shakethe the Conjurer (level 4, -5/24 HPs)
             Began as a Deep Elf Conjurer on Feb 21, 2018.
             Killed by divine providence
             ... invoked by an orc priest
              (16 damage)
             ... on level 3 of the Dungeon.
             The game lasted 00:03:42 (1998 turns).

shakethe the Conjurer (Deep Elf Conjurer)           Turns: 1998, Time: 00:03:42

Health: -5/24      AC:  3    Str:  5    XL:     4   Next: 37%
Magic:  0/12       EV: 14    Int: 21    God:
Gold:   90         SH:  0    Dex: 15    Spells: 5/11 levels left

rFire    . . .     SeeInvis .   e - +0 dagger
rCold    . . .     Gourm    .   (no shield)
rNeg     . . .     Faith    .   a - +0 robe
rPois    .         Spirit   .   o - +0 helmet
rElec    .         Reflect  .   (no cloak)
rCorr    .         Harm     .   (no gloves)
MR       .....                  (no boots)
Stlth    ++........             (no amulet)
HPRegen  0.08/turn              (no ring)
MPRegen  0.13/turn              (no ring)

@: no status effects
A: no striking features
a: no special abilities


You were on level 3 of the Dungeon.
You were very hungry.

You visited 1 branch of the dungeon, and saw 3 of its levels.

You collected 90 gold pieces.

Inventory:

Hand Weapons
 e - a +0 dagger (weapon)
   (You found it on level 1 of the Dungeon)
Armour
 a - a +0 robe (worn)
 o - a +0 helmet (worn)
   (You found it on level 2 of the Dungeon)
Scrolls
 g - a scroll of remove curse {unknown}
 h - 4 scrolls of enchant weapon {unknown}
 i - 7 scrolls of identify {unknown}
 l - a scroll of noise {unknown}
 m - a scroll of immolation {unknown}
 p - 2 scrolls of blinking {unknown}
Potions
 d - a potion of magic {unknown}
 f - a potion of degeneration {unknown}
 j - a potion of heal wounds {unknown}
 k - 2 potions of haste {unknown}
 n - 2 potions of agility {unknown}
Books
 b - a book of Conjurations
Comestibles
 c - a ration


   Skills:
 + Level 3.8 Dodging
 - Level 2.4 Stealth
 + Level 4.3 Spellcasting
 + Level 5.1 Conjurations


You had 5 spell levels left.
You knew the following spells:

 Your Spells              Type           Power        Failure   Level  Hunger
a - Magic Dart            Conj           ####         1%          1    None
b - Searing Ray           Conj           ####..       1%          2    #......
c - Dazzling Spray        Conj/Hex       ###...       12%         3    ##.....


Dungeon Overview and Level Annotations

Branches:
Dungeon (3/15)

Altars:


Message History

The magic dart hits the hobgoblin.
A rat comes into view.
You now have 2/10 mp.
Sorry, you're not good enough to have a special ability.
Unknown command.
Aim: a hobgoblin (heavily wounded)
The magic dart hits the hobgoblin.
The rat moves out of view.
You now have 1/10 mp.
Aim: a hobgoblin (almost dead)
The magic dart hits the hobgoblin.
You kill the hobgoblin!
You now have 0/10 mp.
There is a stone staircase leading down here.
The rat twitches its whiskers.
Things that are here:
a dagger; a stone; a kobold corpse You see here a dagger.
Aim: a rat The magic dart hits the rat.
You kill the rat!
You start resting.
MP restored: 10
p - a scroll labeled JANTAE OFITY You are feeling hungry.
You see here 13 stones.
You now have 90 gold pieces (gained 12).
Found a stone staircase leading up.
p - 2 scrolls labeled JANTAE OFITY (gained 1)
A goblin comes into view.
The goblin moves out of view.
The goblin is too close now for your liking.
A goblin is nearby!
Aim: a goblin The magic dart hits the goblin.
You kill the goblin!
You now have 9/10 mp.
i - 6 scrolls labeled OQIMYA IMPONT (gained 1)
i - 7 scrolls labeled OQIMYA IMPONT (gained 1)
You see here a bat skeleton.
There is a stone staircase leading up here.
Done exploring.
MP restored: 10 Done exploring.
(D) Dungeon
Where to? (Enter - D:2, ? - help)
You are feeling very hungry.
(D) Dungeon
Where to? (Enter - D:3, ? - help)
There is a stone staircase leading down here.
You climb downwards.
There is a stone staircase leading up here.
An orc priest comes into view.
The orc priest shouts!
Okay, then.
An orc comes into view.
Aim: an orc priest, wearing a chain mail The searing ray hits the orc priest. (Press . to maintain the ray.)
The orc priest misses you.
An orc priest comes into view. It is wielding a dagger.
You now have 8/10 mp.
The searing ray misses the orc priest.
The orc priest moves out of view.
The orc priest hits you but does no damage.
You now have 7/10 mp.
The searing ray hits the orc priest.
The orc priest hits you.
You take 1 damage, and have 18/19 hp.
You now have 6/10 mp.
The searing ray hits the orc priest.
You finish channeling your searing ray.
The orc priest shouts!
You now have 5/10 mp.
Aim: an orc priest, wearing a chain mail (almost dead)
The magic dart hits the orc priest.
The orc closely misses you.
You now have 4/10 mp.
Aim: an orc priest, wearing a chain mail (almost dead)
The magic dart hits the orc priest.
You kill the orc priest!
You have reached level 4!
You feel clever. The orc closely misses you.
You regained 5 hp, and now have 23/24 hp.
You now have 3/12 mp.
The orc barely misses you.
Aim: an orc priest, wielding a dagger The searing ray hits the orc priest. (Press . to maintain the ray.)
The orc priest calls down the wrath of Beogh upon you.
Beogh smites you! The orc barely misses you.
You take 9 damage, and have 14/24 hp.
MASSIVE DAMAGE!!
You now have 2/12 mp.
The searing ray misses the orc priest.
The orc hits you.
You take 3 damage, and have 11/24 hp.
You now have 1/12 mp.
The searing ray hits the orc priest.
The orc priest hits you but does no damage.
The orc closely misses you.
You now have 0/12 mp.
Without enough magic to sustain it, your searing ray dissipates.
The orc priest calls down the wrath of Beogh upon you.
Beogh smites you!
Ouch! That really hurt!
You die...

#......#
#......#
#..#...## #
#..#. ..# ..#
#..#.#..# # ..
#..#..#.#
...#.#..##.#.#
#.....o@....<#
#..#.#o.##..##
##(##...#
..##.#.#
#..##.#.#
#..!....#
........#
#.$....##
#..##


You could see an orc priest and an orc.

Vanquished Creatures
  An orc priest (D:3)
  An adder (D:2)
  An ooze (D:1)
  4 dart slugs
  2 leopard geckos
  6 bats
  4 giant cockroaches
  6 hobgoblins
  5 kobolds
  3 frilled lizards (D:1)
  4 goblins
  6 rats
43 creatures vanquished.

Notes
Turn   | Place    | Note
-------+----------+-------------------------------------------
     0 | D:1      | shakethe the Deep Elf Conjurer began the quest for the Orb.
     0 | D:1      | Reached XP level 1. HP: 10/10 MP: 6/6
     1 | D:1      | Noticed an electric eel
    91 | D:1      | Reached XP level 2. HP: 5/15 MP: 0/8
   531 | D:1      | Reached skill level 3 in Dodging
   798 | D:1      | Reached XP level 3. HP: 19/19 MP: 3/10
  1001 | D:1      | Learned a level 2 spell: Searing Ray
  1005 | D:1      | Learned a level 3 spell: Dazzling Spray
  1205 | D:2      | Reached skill level 4 in Spellcasting
  1351 | D:2      | Reached skill level 5 in Conjurations
  1993 | D:3      | Reached XP level 4. HP: 23/24 MP: 3/12
  1998 | D:3      | Killed from afar by an orc priest

Skill      XL: |  1  2  3 |
---------------+----------+-----
Dodging        | 3 |  3.8
Spellcasting   | 4 |  4.3
Conjurations   | 5 |  5.1
Stealth        | |  2.4

Action                   |  1- 3 |  4- 6 || total
-------------------------+-------+-------++-------
Melee: Unarmed           |     1 |       ||     1
 Cast: Magic Dart        |    93 |     1 ||    94
       Searing Ray       |     2 |     1 ||     3
  Eat: Chunk             |     2 |       ||     2
Armor: Robe              |     2 |       ||     2
Dodge: Dodged            |    14 |     4 ||    18

Vault maps used:
D:1:      arrival_aquarium_a
D:3:      first_ration, serial_co_window_serial, co_window_of_opportunity_a,
          co_window_corner_a, co_window_corner_a, co_window_of_opportunity_a,
          co_window_of_opportunity_a, co_window_broadway_a,
          co_window_of_opportunity_c, co_window_2corner, co_window_broadway_b,
          glass_columns_a, glass_columns_b, uniq_crazy_yiuf_cottage

Table legend:
 A = Turns spent in this place as a percentage of turns spent in the entire game.
 B = Non-inter-level travel turns spent in this place as a percentage of non-inter-level travel turns spent in the entire game.
 C = Inter-level travel turns spent in this place as a percentage of turns spent in this place.
 D = Turns resting spent in this place as a percentage of non-inter-level travel turns spent in this place.
 E = Turns spent auto-exploring this place as a percentage of non-inter-level travel turns spent in this place.
 F = Non-inter-level travel turns spent in this place divided by the number of levels of this place that you've seen.
                   A       B       C       D       E      F
               +-------+-------+-------+-------+-------+----------------------
         Total | 100.0 | 100.0 |   1.9 |  35.1 |  52.6 | 653.7
       Dungeon | 100.0 | 100.0 |   1.9 |  35.1 |  52.6 | 653.7
               +-------+-------+-------+-------+-------+----------------------

Table legend:
 A = Kills in this place as a percentage of kills in entire the game.
 B = Kills by you in this place as a percentage of kills by you in the entire game.
 C = Kills by friends in this place as a percentage of kills by friends in the entire game.
 D = Other kills in this place as a percentage of other kills in the entire game.
 E = Experience gained in this place as a percentage of experience gained in the entire game.
 F = Experience gained in this place divided by the number of levels of this place that you have seen.
                   A       B       C       D       E      F
               +-------+-------+-------+-------+-------+----------------------
         Total | 100.0 | 100.0 |   N/A |   N/A | 100.0 |  44.7
       Dungeon | 100.0 | 100.0 |   N/A |   N/A | 100.0 |  44.7
               +-------+-------+-------+-------+-------+----------------------
